Map: Stargazers

Players

MattBarry

  • Race: Protoss Protoss
  • League: Silver
  • Spawn Location: 1:00

Mikeyboy - Winner!

  • Race: Zerg Zerg
  • League: Gold
  • Spawn Location: 11:00

VOD

Have the link to the VOD?

Description

Time

  • Played on: Jan. 20, 2023, 3:23 a.m.
  • Length: 15:51
Show
View Real Time Build Order
Export as new Build Order

MattBarry Protoss 

Build Orders:  

Get SALT Encoding   

  12  0:00  Probe  
  13  0:12  Probe  
  14  0:18  Pylon  
  14  0:24  Probe (Chrono Boost)  
  15  0:38  Probe (Chrono Boost)  
  15  0:39  Forge  
  16  0:53  Probe  
  17  1:15  Pylon  
  17  1:25  Pylon  
  17  1:38  Photon Cannon  
  17  1:43  Photon Cannon  
  17  1:53  Pylon  
  17  2:07  Photon Cannon  
  17  2:24  Photon Cannon  
  17  2:30  Pylon  
  17  2:56  Photon Cannon  
  17  3:00  Pylon  
  17  3:12  Photon Cannon  
  16  3:30  Pylon  
  16  3:41  Photon Cannon  
  16  3:42  Pylon  
  16  4:04  Pylon  
  16  4:07  Pylon  
  16  4:09  Pylon  
  15  4:24  Photon Cannon  
  15  4:35  Photon Cannon  
  15  4:46  Photon Cannon  
  15  4:53  Photon Cannon  
  15  5:10  Pylon  
  13  5:20  Photon Cannon  
  13  5:30  Photon Cannon  
  13  5:39  Pylon  
  13  5:49  Pylon  
  13  5:54  Probe (Chrono Boost)  
  14  6:06  Probe (Chrono Boost)  
  14  6:08  Photon Cannon  
  14  6:33  Photon Cannon  
  13  7:31  Probe (Chrono Boost)  
  14  7:41  Probe (Chrono Boost)  
  11  8:15  Gateway  
  11  8:30  Probe (Chrono Boost)  
  12  8:51  Probe (Chrono Boost)  
  13  9:01  Probe (Chrono Boost)  
  14  9:06  Probe (Chrono Boost)  
  15  9:17  Probe  
  15  9:19  Cybernetics Core  
  16  9:29  Probe  
  17  9:42  Probe  
  18  9:54  Probe  
  18  9:59  Assimilator  
  19  10:00  Assimilator  
  19  10:06  Probe  
  20  10:14  Shield Battery  
  20  10:15  Pylon  
  20  10:18  Probe  
  21  10:30  Probe  
  22  10:42  Probe  
  23  10:54  Probe  
  24  11:01  Pylon  
  24  11:04  Zealot  
  24  11:06  Probe  
  27  11:18  Probe  
  27  11:22  Twilight Council  
  28  11:31  Gateway, Stalker  
  30  11:34  Warp Gate  
  30  11:56  Pylon  
  30  12:22  Dark Shrine  
  30  12:35  Dark Shrine  
  30  12:43  Gateway  
  30  12:48  Gateway x2  
  30  13:48  Dark Templar  
  30  13:49  Dark Templar x2  
  21  14:07  Pylon  
  11  14:43  Dark Templar x3  
Show
View Real Time Build Order
Export as new Build Order

Mikeyboy Zerg - Winner!

Build Orders: Pool First 

Get SALT Encoding   

  12  0:04  Drone  
  13  0:13  Overlord  
  13  0:20  Drone  
  14  0:38  Spawning Pool, Drone  
  14  1:05  Hatchery  
  13  1:11  Drone x2  
  15  1:20  Extractor  
  15  1:22  Extractor  
  15  1:23  Drone x2  
  15  1:35  Queen  
  17  1:45  Zergling x4  
  19  2:02  Zergling x2  
  20  2:11  Queen  
  20  2:13  Overlord  
  20  2:28  Drone  
  20  2:29  Queen  
  23  2:31  Zergling x6  
  23  3:08  Zergling x8  
  23  3:09  Zergling x6  
  30  3:13  Queen  
  25  3:39  Zergling x4  
  25  3:40  Zergling x4  
  27  3:49  Queen  
  23  4:32  Queen  
  23  4:33  Queen  
  23  4:35  Zergling x6  
  30  4:42  Roach Warren  
  26  5:01  Drone x2  
  28  5:19  Queen  
  30  5:36  Drone x5  
  30  5:37  Drone  
  36  6:03  Overlord x3  
  36  6:06  Hatchery  
  33  6:24  Roach  
  33  6:25  Roach x3  
  41  6:35  Drone x3  
  44  6:40  Extractor  
  34  7:15  Queen  
  34  7:16  Queen  
  34  7:18  Roach x4, Drone  
  47  7:27  Metabolic Boost  
  47  7:37  Extractor  
  47  7:41  Roach x2  
  50  7:57  Queen  
  52  7:58  Drone  
  52  7:59  Drone x2  
  55  8:07  Lair  
  55  8:21  Drone x4  
  55  8:24  Drone  
  60  8:35  Drone x3  
  60  8:36  Drone x2  
  65  8:55  Drone  
  65  8:57  Overlord x4  
  65  8:59  Overlord  
  66  9:11  Hydralisk Den  
  65  9:17  Extractor  
  62  9:39  Drone x5  
  62  9:40  Drone x7  
  74  9:59  Drone x2, Overlord x2  
  76  10:00  Overlord x4  
  76  10:12  Hatchery  
  69  10:50  Hydralisk x5  
  69  10:51  Hydralisk x7  
  69  10:52  Hydralisk x5  
  103  10:59  Grooved Spines  
  103  11:03  Drone  
  103  11:04  Drone x3  
  103  11:30  Extractor  
  96  11:32  Extractor  
  91  11:49  Queen  
  91  11:51  Drone x5  
  91  11:52  Drone x2  
  100  12:00  Drone  
  100  12:01  Drone x3  
  104  12:10  Muscular Augments  
  100  12:42  Hydralisk  
  100  12:43  Hydralisk x7  
  100  12:44  Hydralisk x7  
  112  12:45  Hydralisk x5  
  112  12:48  Hydralisk x2  
  142  12:59  Drone x4  
  142  13:00  Drone x3  
  149  13:12  Extractor x2  
  147  13:35  Overlord  
  147  13:36  Overlord x3  
  147  13:37  Hydralisk x3, Overlord  
  147  13:38  Hydralisk x3  
  155  14:37  Overseer  
  152  14:40  Queen  
  142  14:49  Overseer  
  139  14:54  Hydralisk x2  
  139  14:55  Hydralisk x7  
  139  14:56  Hydralisk x7  
  139  14:57  Hydralisk x6  
  139  14:58  Hydralisk x6  
  185  15:22  Drone x2  
  185  15:23  Drone x5  
Tags
 
Matchup
PvZ
Opening
Pool First
Replay Pack
Multiplayer
Spawn Locations
Close Positions
Add a new tag
Caveats
  • Supply blocks, unpowered buildings, or Contaminate may cause inaccurate times.
  • Supply counts are checked every 10 seconds.